 Dungeon Crawl Stone Soup version 0.29.1-2-gbd0b4ee654 (webtiles) character file.

Game seed: 10219202819823235703

385 xian the Trooper (level 6, -6/66 HPs)
             Began as an Ogre Fighter on Oct 23, 2022.
             Was an Initiate of Okawaru.
             Killed from afar by an orc wizard (7 damage)
             ... with a magic dart
             ... on level 5 of the Dungeon on Oct 24, 2022.
             The game lasted 00:09:42 (4345 turns).

xian the Trooper (Ogre Fighter)                     Turns: 4345, Time: 00:09:44

Health: -6/66      AC:  3    Str: 23    XL:     6   Next: 77%
Magic:  6/6        EV:  9    Int:  9    God:    Okawaru [......]
Gold:   206        SH:  7    Dex:  8    Spells: 5/5 levels left

rFire   . . .      SeeInvis .   a - +0 war axe
rCold   . . .      Faith    .   c - +0 kite shield
rNeg    . . .      Spirit   .   b - +0 robe
rPois   .          Reflect  .   (helmet restricted)
rElec   .          Harm     .   (no cloak)
rCorr   .          Rampage  .   (gloves unavailable)
Will    .....                   (boots unavailable)
Stlth   +.........              (no amulet)
HPRegen 0.21/turn               q - ring of flight
MPRegen 0.10/turn               (no ring)

@: lethally poisoned (-6 -> -30), flying
A: large, unfitting armour, tough skin 1
a: Renounce Religion


You were on level 5 of the Dungeon.
You worshipped Okawaru.
Okawaru was noncommittal.
You visited 2 branches of the dungeon, and saw 6 of its levels.

You collected 206 gold pieces.

Inventory:

Hand Weapons
 a - a +0 war axe (weapon)
Missiles
 h - 5 javelins (quivered)
Armour
 b - a +0 robe (worn)
 c - a +0 kite shield (worn)
Jewellery
 q - a ring of flight (left hand)
Scrolls
 d - a scroll of vulnerability {unknown}
 f - 3 scrolls of enchant armour {unknown}
 g - a scroll of teleportation {unknown}
 j - 3 scrolls of identify {unknown}
 l - a scroll of amnesia {unknown}
 m - a scroll of fog {unknown}
 o - a scroll of brand weapon {unknown}
Potions
 e - a potion of mutation {unknown}
 i - a potion of curing
 k - a potion of brilliance {unknown}
 n - a potion of heal wounds {unknown}
 p - 2 potions of flight


   Skills:
 + Level 5.4 Fighting
 + Level 5.2 Axes
 + Level 0.4 Throwing
 + Level 3.5 Dodging
 + Level 0.3 Stealth
 + Level 3.8 Shields


You had 5 spell levels left.
You didn't know any spells.
Your spell library contained the following spells:

 Spells                   Type           Power      Damage    Failure   Level
 Shock                    Conj/Air       0%         1d3       67%         1
 Gell's Gravitas          Tloc           0%         N/A       96%         3
 Lesser Beckoning         Tloc           0%         N/A       96%         3
 Swiftness                Air            0%         N/A       96%         3
 Teleport Other           Tloc           0%         N/A       96%         3
 Airstrike                Air            0%         2d(0-16)  100%        4
 Fulminant Prism          Conj/Hex       0%         3d6       100%        4
 Iskenderun's Mystic Bla  Conj/Tloc      0%         2d3       100%        4
 Lee's Rapid Deconstruct  Erth           0%         3d5*      100%        5


Dungeon Overview and Level Annotations

Branches:
Dungeon (5/15)             Temple (1/1) D:4

Altars:
Cheibriados
Dithmenos
Fedhas
Hepliaklqana
Kikubaaqudgha
Okawaru
Vehumet
Yredelemnul
Zin


Innate Abilities, Weirdness & Mutations

You are too large for most types of armour.
You have tough skin. (AC +1)


Message History

Unknown command.
Throw: 7 javelins
Press: ? - help, Q - select action Shift-Dir - straight line, f/p - orc
Aim: an orc, wielding a +1 whip of venom (severely wounded, 56% to hit)
You throw a javelin. The javelin pierces through the orc.
You kill the orc!
Okawaru accepts your kill.
The javelin pierces through the orc but does no damage.
The orc is heavily wounded.
You feel extremely sick. Something hits you but does no damage.
It was a potion of flight.
You feel more buoyant.
You feel very sick. Something hits you.
* * * LOW HITPOINT WARNING * * *
You are lethally poisoned!
It was a potion of curing.
You feel better. Something hits you.
You are poisoned.
You are too injured to fight recklessly!
Throw: 6 javelins
Press: ? - help, Q - select action Shift-Dir - straight line, f - orc
Aim: an orc, wielding a +0 hand axe and wearing a +0 ring mail (heavily wounded, 60% to hit)
You throw a javelin. The javelin pierces through the orc!
You kill the orc!
Okawaru accepts your kill.
You feel very sick. Something hits you.
* * * LOW HITPOINT WARNING * * *
You are lethally poisoned!
Something hits you.
* * * LOW HITPOINT WARNING * * *
You are more poisoned.
You miss something.
* * * LOW HITPOINT WARNING * * *
You feel extremely sick.
You hear some strange, mumbled words.
A magic dart appears from out of thin air!
The magic dart hits you!
You die...

#.# ##<##o#......
#.#
##.###.#.####<
..###...(....#
#.#.###...#......
#..## #.##..#.##.
#.####.## #)# ..#
# #....<.# #)#
.... ######## #{#
.##.# #@# .# .#
#..[....#
####.#### #


There were no monsters in sight!

Vanquished Creatures
  Blork the orc (D:4)
  A necrophage (D:4)
  Natasha (twice) (D:4)
  A mummy (D:4)
  4 gnolls (D:4)
  6 adders
  An adder zombie (D:3)
  3 worms
  4 dart slugs
  6 orcs
  10 ball pythons
  6 endoplasms
  4 giant cockroaches
  7 goblins
  11 hobgoblins
  4 jackals (D:2)
  3 quokkas (D:1)
  3 bats
  2 frilled lizards
  4 kobolds
  A quokka zombie (D:3)
  A rat (D:1)
85 creatures vanquished.

Vanquished Creatures (others)
  A fungus (D:2)
  5 plants (D:2)
6 creatures vanquished.

Grand Total: 91 creatures vanquished

Notes
Turn   | Place    | Note
-------+----------+-------------------------------------------
     0 | D:1      | xian the Ogre Fighter began the quest for the Orb.
     0 | D:1      | Reached XP level 1. HP: 24/24 MP: 1/1
   238 | D:1      | Reached XP level 2. HP: 18/32 MP: 2/2
   732 | D:1      | Reached XP level 3. HP: 25/39 MP: 3/3
  1012 | D:2      | Found an ancient bone altar of Kikubaaqudgha.
  1065 | D:2      | Found a faded altar of an unknown god.
  1228 | D:2      | Reached XP level 4. HP: 30/49 MP: 4/4
  2642 | D:3      | Reached XP level 5. HP: 55/55 MP: 5/5
  2647 | D:3      | Found a basalt altar of Yredelemnul.
  3155 | D:4      | Noticed Natasha
  3162 | D:4      | Killed Natasha
  3430 | D:4      | Noticed Blork the orc
  3433 | D:4      | Noticed Natasha
  3439 | D:4      | Reached XP level 6. HP: 34/63 MP: 6/6
  3439 | D:4      | Killed Blork the orc
  3444 | D:4      | Killed Natasha
  3445 | D:4      | Reached skill level 5 in Fighting
  3445 | D:4      | Reached skill level 5 in Axes
  3965 | D:4      | Found a staircase to the Ecumenical Temple.
  3984 | Temple   | Entered the Ecumenical Temple
  3993 | Temple   | Became a worshipper of Warmaster Okawaru
  4039 | D:4      | Found a snail-covered altar of Cheibriados.
  4303 | D:5      | Entered Level 5 of the Dungeon
  4345 | D:5      | HP: 1/66 [poisoned by an orc wizard]
  4345 | D:5      | Killed from afar by an orc wizard

Illustrated notes

Levels and vault maps discovered:
D:1:      lemuel_arrival_hallway, layout_rooms
D:2:      layout_basic, basic_altar, shapermc_ecumenical_altar_ellora
D:3:      layout_basic, lemuel_zombie_altar_yredelemnul, minmay_misc_feat_room,
          kennysheep_minor_cross, minmay_close_crescents
D:4:      layout_loops_cross, slow_altar_1, temple_pool_b, minivault_23,
          corner_web_ring, uniq_natasha, uniq_blork_the_orc
D:5:      layout_loops_cross, makhleb_heckhound_becter,
          gammafunk_ghost_cemetery, uniq_eustachio, uniq_grinder
Temple:   hellmonk_temple_of_storms

Skill      XL: |  1  2  3  4  5  6 |
---------------+-------------------+-----
Dodging        | 3 |  3.5
Axes           | 3 4 5 |  5.2
Fighting       | 5 |  5.4
Throwing       | |  0.4
Stealth        | |  0.3
Shields        | |  3.8

Action                   |  1- 3 |  4- 6 || total
-------------------------+-------+-------++-------
Melee: War axe           |    87 |   107 ||   194
Throw: Javelin           |     5 |    18 ||    23
  Use: Potion            |       |     3 ||     3
Armor: Robe              |    30 |    38 ||    68
Dodge: Dodged            |    35 |    56 ||    91
Block: Kite shield       |    31 |    43 ||    74
